 Zot Defence DCSS version 0.15.2 (webtiles) character file.

357 Eldritch the Skirmisher (level 6, -7/57 HPs)
             Began as a Minotaur Berserker on Oct 27, 2015.
             Was a Believer of Trog.
             Killed by an exploding giant spore (11 damage)
             ... summoned by the player character
             ... set off by their pet
             ... in the Realm of Zot (Scenario II: Battle Heart).
             The game lasted 00:03:35 (563 turns).

Eldritch the Skirmisher (Minotaur Berserker)         Turns: 563, Time: 00:03:35

HP  -7/57        AC  2     Str 23      XL: 6   Next: 36%
MP   3/3         EV 13     Int  4      God: Trog [**....]
Gold 0           SH  0     Dex 10      Spells:  0 memorised,  5 levels left

rFire  . . .     SeeInvis .     a - +0 hand axe
rCold  . . .     Clarity  .     b - +0 animal skin
rNeg   . . .     rCorr    .     (no shield)
rPois  .         rRot     .     (helmet restricted)
rElec  .         Spirit   .     (no cloak)
SustAb .         Warding  .     (no gloves)
rMut   .         Stasis   .     (no boots)
Gourm  .                        (no amulet)
MR     .....                    (no ring)
                                (no ring)

@: confused, exhausted, slowed, very slow, not resistant to hostile
enchantments, very unstealthy
A: retaliatory headbutt, horns 2
a: Make oklob sapling, Make arrow trap, Make plant, Remove Curse, Make burning
bush, Make altar, Make grenades, Burn Spellbooks, Berserk, Trog's Hand, Renounce
Religion


You were in the Realm of Zot.
You worshipped Trog.
Trog was pleased with you.
You were not hungry.

You visited 1 branch

Inventory:

Hand weapons
 a - a +0 hand axe (weapon)
Armour
 b - a +0 animal skin (worn)
Comestibles
 d - a bread ration
Scrolls
 i - a scroll of blinking
Potions
 f - a potion of haste
 g - 2 potions of magic
 h - a potion of berserk rage


   Skills:
 + Level 6.1 Fighting
 + Level 5.7 Axes
 + Level 3.2 Armour
 + Level 3.8 Dodging


You had 5 spell levels left.
You didn't know any spells.

Dungeon Overview and Level Annotations

Branches:
    Zot (1/1)

Altars:


Innate Abilities, Weirdness & Mutations

You reflexively headbutt those who attack you in melee.
You have a pair of horns on your head.


Message History

The hobgoblin hits you but does no damage.
A giant cockroach comes into view.
Use which ability? (? or * to list)
You create a living grenade. x2
The hobgoblin closely misses you. You furiously retaliate!
You headbutt the hobgoblin.
You kill the hobgoblin!
Trog accepts your kill. The gnoll closely misses you.
The hobgoblin hits you with a club.
* * * LOW HITPOINT WARNING * * *
The gnoll misses you.
Your giant spore explodes!
The hobgoblin appears confused.
The explosion of spores engulfs the hobgoblin.
The hobgoblin dies!
The explosion of spores engulfs your giant spore.
Your giant spore explodes!
The explosion of spores engulfs you!
You are confused.
You die...

▓ ▓ ▓▓▓ ▓▓▓ ▓▓▓ ..▓▓ ▓▓.▓▓ ▓▓..
...▓▓ ▓▓...▓▓ ▓▓... ....▓▓▓
▓▓.....▓▓ ▓▓▓....
......▓▓▓▓▓▓▓......(▓▓▓▓▓▓▓......
......▓..s.....).)........▓......
..........l...g)@)(.r............
▓▓▓▓▓▓▓........*)*........▓▓▓▓▓▓▓
▓ ▓▓▓▓▓▓▓.......▓▓▓▓▓▓▓ ▓
▓▓.....▓▓ ▓▓...▓▓ ▓▓.▓▓ ▓▓▓▓▓
▓▓▓▓▓▓▓▓▓▓▓▓▓▓▓ ▓▓▓▓▓ ....▓▓
▓∆∆∆∆∆▓ ▓∆∆∆∆∆▓ ▓▓.... .....▓
▓∆▓∆▓∆▓▓▓∆▓∆▓∆▓ ▓.....


You could see an iguana, a gnoll, a green rat, a giant cockroach and 2 friendly
giant spores.

Vanquished Creatures
  A big kobold (Zot)
  An adder (Zot)
  A shadow imp (Zot)
  2 worms (Zot)
  2 oozes (Zot)
  An orc (Zot)
  5 bats (Zot)
  A bat zombie (Zot)
  2 giant cockroaches (Zot)
  9 goblins (Zot)
  2 hobgoblins (Zot)
  7 kobolds (Zot)
  A quokka (Zot)
  A giant cockroach zombie (Zot)
  4 giant newts (Zot)
  3 goblin zombies (Zot)
  3 kobold zombies (Zot)
  7 rats (Zot)
  3 rat zombies (Zot)
56 creatures vanquished.

Vanquished Creatures (collateral kills)
  A hobgoblin (Zot)
1 creature vanquished.

Grand Total: 57 creatures vanquished

Notes
Turn   | Place    | Note
--------------------------------------------------------------
     0 | Zot      | Eldritch, the Minotaur Berserker, began the quest for the Orb.
     0 | Zot      | Reached XP level 1. HP: 19/19 MP: 1/1
   245 | Zot      | Reached skill level 4 in Fighting
   252 | Zot      | Reached XP level 2. HP: 25/27 MP: 1/1
   266 | Zot      | Reached XP level 3. HP: 31/34 MP: 2/2
   378 | Zot      | Reached skill level 5 in Fighting
   378 | Zot      | Reached XP level 4. HP: 42/42 MP: 2/2
   440 | Zot      | Acquired Trog's second power
   464 | Zot      | Noticed Wuduofo
   472 | Zot      | Reached XP level 5. HP: 32/48 MP: 2/2
   486 | Zot      | Killed Wuduofo the big kobold
   486 | Zot      | Reached skill level 6 in Fighting
   486 | Zot      | Reached skill level 5 in Axes
   486 | Zot      | Reached XP level 6. HP: 33/57 MP: 3/3
   563 | Zot      | Killed by an exploding giant spore... set off by their pet

Action                   |  1- 3 |  4- 6 || total
-------------------------+-------+-------++-------
Melee: Hand axe          |    33 |    51 ||    84
Invok: Berserk           |     1 |     1 ||     2
 Abil: Make grenades     |       |     2 ||     2
  Use: Potion            |       |     4 ||     4
